 Dungeon Crawl Stone Soup version 0.29-a0-823-gc37b1572da (webtiles) character file.

Game seed: 7357623660189587755

77 valliere the Vexing (level 4, -4/21 HPs)
             Began as a Spriggan Arcane Marksman on July 9, 2022.
             Slain by Sigmund
             ... wielding a +0 scythe
              (11 damage)
             ... on level 2 of the Dungeon.
             The game lasted 00:09:11 (1355 turns).

valliere the Vexing (Spriggan Arcane Marksman)      Turns: 1355, Time: 00:09:11

Health: -4/21      AC:  3    Str:  6    XL:     4   Next: 13%
Magic:  5/17       EV: 18    Int: 14    God:
Gold:   81         SH:  0    Dex: 17    Spells: 3/7 levels left

rFire   . . .      SeeInvis +   a - +0 sling
rCold   . . .      Faith    .   (no shield)
rNeg    . . .      Spirit   .   c - +0 robe
rPois   .          Reflect  .   (helmet restricted)
rElec   .          Harm     .   p - +0 cloak
rCorr   .          Rampage  .   (gloves unavailable)
Will    .....                   (boots unavailable)
Stlth   ++........              (no amulet)
HPRegen 0.07/turn               f - ring of wizardry
MPRegen 0.15/turn               h - ring of magical power

@: very quick
A: very small, no large weapons, unfitting armour, see invisible, speed 3
a: no special abilities


You were on level 2 of the Dungeon.
You visited 1 branch of the dungeon, and saw 2 of its levels.

You collected 81 gold pieces.

Inventory:

Hand Weapons
 a - a +0 sling (weapon)
Armour
 c - a +0 robe (worn)
 p - a +0 cloak (worn)
Jewellery
 f - a ring of wizardry (left hand)
 h - a ring of magical power (right hand)
 o - a +6 ring of intelligence
Scrolls
 b - 2 scrolls of vulnerability
 g - 2 scrolls of identify {unknown}
 l - a scroll of enchant armour {unknown}
 m - a scroll of immolation {unknown}
 n - a scroll of amnesia {unknown}
 r - a scroll of fog {unknown}
 v - a scroll of noise {unknown}
Potions
 d - 2 potions of curing {unknown}
 e - 2 potions of degeneration {unknown}
 i - a potion of lignification {unknown}
 j - a potion of mutation {unknown}
 k - 2 potions of flight {unknown}
 q - a potion of might {unknown}
 s - a potion of brilliance {unknown}
 t - a potion of attraction {unknown}
 u - 2 potions of heal wounds {unknown}
 w - a potion of invisibility {unknown}


   Skills:
 - Level 0.7 Fighting
 * Level 3.0 Ranged Weapons
 + Level 3.3 Dodging
 + Level 2.2 Stealth
 + Level 2.2 Spellcasting
 + Level 4.1 Hexes
 + Level 1.2 Translocations


You had 3 spell levels left.
You knew the following spells:

 Your Spells              Type           Power      Damage    Failure   Level
a - Slow                  Hex            52%        N/A       1%          1
b - Portal Projectile     Hex/Tloc       18%        N/A       10%         3

Your spell library contained the following spells:

 Spells                   Type           Power      Damage    Failure   Level
 Inner Flame              Hex/Fire       7%         N/A       12%         3
 Cause Fear               Hex            6%         N/A       16%         4


Dungeon Overview and Level Annotations

Branches:
Dungeon (2/15)

Altars:

Shops:
D:2 ?

Annotations:
D:2 Sigmund


Innate Abilities, Weirdness & Mutations

You are very small and have problems with some larger weapons.
You are too small for most types of armour.
You have supernaturally acute eyesight. (SInv)
You cover ground extremely quickly. (Speed+++)


Message History

You kill the frilled lizard!
Sigmund misses you. The endoplasm misses you.
Casting: Portal Projectile (extremely dangerous; 10% risk of failure)
Confirm with . or Enter, or press ? or * to list all spells.
The spell is extremely dangerous to miscast (10% risk of failure)!
Continue anyway?
You begin teleporting projectiles to their destination.
Sigmund hits you but does no damage. The endoplasm closely misses you.
Fire: a) +0 sling
Press: ? - help, Q - select action, (/) - cycle Shift-Dir - straight line, f/p - Sigmund
Aim: Sigmund, wielding a +0 scythe and wearing a +0 robe (heavily wounded, slightly transparent, 53% to hit)
You magically shoot a sling bullet.
The sling bullet completely misses Sigmund.
The endoplasm closely misses you.
Fire: a) +0 sling
Press: ? - help, Q - select action, (/) - cycle Shift-Dir - straight line, f/p - Sigmund
Aim: Sigmund, wielding a +0 scythe and wearing a +0 robe (heavily wounded, slightly transparent, 53% to hit)
You magically shoot a sling bullet.
The sling bullet hits Sigmund but does no damage.
Sigmund is heavily wounded.
Sigmund misses you. The endoplasm hits you.
Fire: a) +0 sling
Press: ? - help, Q - select action, (/) - cycle Shift-Dir - straight line, f/p - Sigmund
Aim: Sigmund, wielding a +0 scythe and wearing a +0 robe (heavily wounded, slightly transparent, 53% to hit)
You magically shoot a sling bullet.
The sling bullet hits Sigmund.
Sigmund is severely wounded.
You are no longer teleporting projectiles to their destination.
Sigmund misses you. The endoplasm freezes you.
You are frozen.
Unknown command.
Fire: a) +0 sling
Press: ? - help, Q - select action, (/) - cycle Shift-Dir - straight line, f/p - Sigmund
Aim: Sigmund, wielding a +0 scythe and wearing a +0 robe (severely wounded, slightly transparent, 53% to hit)
You shoot a sling bullet. The sling bullet hits the endoplasm.
The endoplasm is heavily wounded.
The endoplasm freezes you.
You are frozen.
Sigmund hits you from afar with a +0 scythe!
Ouch! That really hurt!
You die...

..... ###>....+...######
...... ..#.#...##.......#
...... #.#..............#
@.....##.#..)...........#
....$$$..#..............#
....$∩$>.#.#######.#....#
....$$$.<#.# #......#
.....#####.########.....#
.......@J@.......##.....##
####...###.......'........
#... #.......###..####
#... ##########...# #...
#...## #... #....# #...
#....### #... ##......
#.#..##


You could see Sigmund (invisible) and an endoplasm.

Vanquished Creatures
  5 gnolls
  3 endoplasms
  2 giant cockroaches
  3 goblins
  4 hobgoblins
  A quokka (D:1)
  3 ball pythons
  3 bats
  3 frilled lizards
  3 kobolds
  A rat (D:1)
31 creatures vanquished.

Notes
Turn   | Place    | Note
-------+----------+-------------------------------------------
     0 | D:1      | valliere the Spriggan Arcane Marksman began the quest for
                  | the Orb.
     0 | D:1      | Reached XP level 1. HP: 9/9 MP: 3/3
    67 | D:1      | Reached skill level 1 in Stealth
    67 | D:1      | Reached XP level 2. HP: 13/14 MP: 3/5
   659 | D:2      | Found Dothug's Magic Scroll Emporium.
   660 | D:2      | Noticed Sigmund
   677 | D:2      | Reached XP level 3. HP: 17/17 MP: 6/6
   713 | D:2      | Learned a level 3 spell: Portal Projectile
  1145 | D:2      | Reached skill level 4 in Hexes
  1145 | D:2      | Reached skill level 1 in Translocations
  1158 | D:2      | Reached XP level 4. HP: 21/21 MP: 8/8
  1355 | D:2      | Slain by Sigmund

Illustrated notes

Levels and vault maps discovered:
D:1:      dpeg_arrival_long_road, layout_rooms
D:2:      layout_basic, serial_shops, shop_coins, uniq_sigmund

Skill      XL: |  1  2  3  4 |
---------------+-------------+-----
Stealth        | 1 2 |  2.2
Dodging        | 3 |  3.3
Spellcasting   | 2 |  2.2
Hexes          | 4 |  4.1
Translocations | 1 |  1.2
Ranged Weapons | 3 |  3.0
Fighting       | |  0.7

Action                   |  1- 3 |  4- 6 || total
-------------------------+-------+-------++-------
 Fire: Sling             |    99 |    22 ||   121
 Cast: Slow              |     3 |       ||     3
       Portal Projectile |     1 |     2 ||     3
Armor: Robe              |     5 |     2 ||     7
Dodge: Dodged            |    20 |    23 ||    43

Table legend: (Time is in decaauts)
 A = Elapsed time spent in this place.
 B = Non-inter-level travel time spent in this place.
 C = Inter-level travel time spent in this place.
 D = Time resting spent in this place.
 E = Time spent auto-exploring this place.
 F = Levels seen in this place.
 G = Mean time per level.
                   A        B        C        D        E       F      G
               +--------+--------+--------+--------+--------+-----+--------+
         Total |   1039 |   1032 |      7 |      0 |    720 |   2 |  519.5 |
       Dungeon |   1039 |   1032 |      7 |      0 |    720 |   2 |  519.5 |
               +--------+--------+--------+--------+--------+-----+--------+

Top non-repeatable levels by time:
     D:2: 530 daAuts
     D:1: 509 daAuts
